 Dungeon Crawl Stone Soup version 0.23-b1-49-g13d5857 (webtiles) character file.

Game seed: 11363100724071132927

70 HEYYEYAAE the Bolt Thrower (level 4, -2/29 HPs)
             Began as an Octopode Hunter on Feb 3, 2019.
             Slain by an adder (3 damage)
             ... on level 6 of the Dungeon.
             The game lasted 00:01:47 (1928 turns).

HEYYEYAAE the Bolt Thrower (Octopode Hunter)        Turns: 1928, Time: 00:01:48

Health: -2/29      AC:  1    Str: 11    XL:     4   Next: 22%
Magic:  4/4        EV: 13    Int: 13    God:
Gold:   123        SH:  0    Dex: 13    Spells: 3/3 levels left

rFire    . . .     SeeInvis .   a - +1 hand crossbow
rCold    . . .     Gourm    .   (no shield)
rNeg     . . .     Faith    .   (helmet restricted)
rPois    .         Spirit   .   (no amulet)
rElec    .         Reflect  .   (no ring)
rCorr    .         Harm     .   (no ring)
MR       .....                  (no ring)
Stlth    +++.......             (no ring)
HPRegen  0.09/turn              (no ring)
MPRegen  0.09/turn              (no ring)
                                (no ring)
                                (no ring)

@: about to teleport
A: almost no armour, stealthy swim, amphibious, 8 rings, constrict 8, camouflage
1, gelatinous body 1
a: no special abilities


You were on level 6 of the Dungeon.
You were hungry.

You visited 1 branch of the dungeon, and saw 4 of its levels.

You collected 123 gold pieces.

Inventory:

Hand Weapons
 a - a +1 hand crossbow (weapon)
 b - a +0 short sword
Missiles
 c - 42 bolts (quivered)
Jewellery
 i - an uncursed ring of wizardry {unknown}
Scrolls
 f - a scroll of amnesia
 g - a scroll of identify
 h - a scroll of teleportation
 j - a scroll of magic mapping {unknown}
 o - 5 scrolls of remove curse {unknown}
 p - a scroll of immolation {unknown}
Potions
 e - a potion of heal wounds {unknown}
 k - a potion of resistance {unknown}
 l - a potion of brilliance {unknown}
 m - a potion of agility
 n - a potion of curing
Comestibles
 d - 4 rations


   Skills:
 - Level 2.0 Fighting
 + Level 5.6 Crossbows
 - Level 2.0 Dodging
 - Level 1.3 Stealth


You had 3 spell levels left.
You didn't know any spells.
Your spell library was empty.

Dungeon Overview and Level Annotations

Branches:
Dungeon (3/15)

Altars:
Dithmenos
Gozag
Vehumet

Annotations:
D:6 Pikel


Innate Abilities, Weirdness & Mutations

You cannot wear most types of armour.
You are very stealthy in the water. (Stealth+)
You are amphibious.
You can wear up to eight rings at the same time.
You can use your tentacles to constrict eight enemies at once.
Your skin changes colour to match your surroundings (Stealth+).
Your rubbery body absorbs attacks. (AC +1, EV +1)


Message History

The slave hits you.
* * * LOW HITPOINT WARNING * * *
As you read the scroll labeled MATUCV ROCE, it crumbles to dust.
You feel strangely unstable.
It was a scroll of teleportation.
The slave closely misses you. The adder barely misses you.
Pikel hits you with a +2 whip of freezing.
* * * LOW HITPOINT WARNING * * *
Pikel freezes you.
* * * LOW HITPOINT WARNING * * *
The slave barely misses you.
You feel better. The adder bites you.
* * * LOW HITPOINT WARNING * * *
The slave hits you.
* * * LOW HITPOINT WARNING * * *
Pikel hits you with a +2 whip of freezing.
* * * LOW HITPOINT WARNING * * *
Pikel freezes you.
* * * LOW HITPOINT WARNING * * *
The slave barely misses you. The adder bites you.
You die...

#.#.# ...# #.# #.#.#
##.####.#
##...####.....p.#
#.......#...##########
#.#####.##......?....#
#.#...#.##..#..#####.###
#....##.##.....# #...#
###.#.pSp[...### ###.#
#.#.#@Kp....... #.#
#.#.#####.##.#.##. #.#
..#.# #.# .# #.##.#
###.. ... # #.##.. ###
#### #.#### #.##..
#########.##p#
#.#....##.##.# #...#
#....#


You could see Pikel, 3 slaves and an adder.

Vanquished Creatures
  4 adders (D:2)
  2 worms (D:2)
  2 giant cockroaches (D:1)
  3 goblins (D:1)
  4 hobgoblins (D:1)
  2 ball pythons
  6 bats
  4 frilled lizards
  A kobold (D:1)
  5 rats
33 creatures vanquished.

Notes
Turn   | Place    | Note
-------+----------+-------------------------------------------
     0 | D:1      | HEYYEYAAE the Octopode Hunter began the quest for the Orb.
     0 | D:1      | Reached XP level 1. HP: 14/14 MP: 1/1
   139 | D:1      | Reached XP level 2. HP: 6/19 MP: 2/2
  1068 | D:2      | Reached skill level 5 in Crossbows
  1068 | D:2      | Reached XP level 3. HP: 24/24 MP: 3/3
  1159 | D:2      | Found a shadowy altar of Dithmenos.
  1241 | D:2      | Reached XP level 4. HP: 29/29 MP: 4/4
  1449 | D:2      | Found an opulent altar of Gozag.
  1473 | D:2      | Found a radiant altar of Vehumet.
  1836 | D:3      | You fall through a shaft for 3 floors!
  1837 | D:6      | Noticed Pikel
  1837 | D:6      | Noticed a slave
  1837 | D:6      | Noticed a slave
  1837 | D:6      | Noticed a slave
  1837 | D:6      | Noticed a slave
  1928 | D:6      | HP: 1/29 [Pikel/+2 whip of freezing (1)]
  1928 | D:6      | Slain by an adder

Skill      XL: |  1  2 |
---------------+-------+-----
Crossbows      | 5 |  5.6
Fighting       | |  2.0
Dodging        | |  2.0
Stealth        | |  1.3

Action                   |  1- 3 |  4- 6 || total
-------------------------+-------+-------++-------
 Fire: Hand crossbow     |    74 |    13 ||    87
  Use: Potion            |       |     3 ||     3
       Scroll            |       |     2 ||     2
  Eat: Chunk             |       |     2 ||     2
Armor: Skin              |     1 |       ||     1
Dodge: Dodged            |    14 |     8 ||    22
